 Dungeon Crawl Stone Soup version 0.19.5 (webtiles) character file.

98 JeffiDaFish the Covered (level 4, -1/29 HPs)
             Began as a Gargoyle Fighter on Apr 3, 2017.
             Killed from afar by an orc wizard (3 damage)
             ... with a puff of frost
             ... on level 3 of the Dungeon.
             The game lasted 00:03:50 (1636 turns).

JeffiDaFish the Covered (Gargoyle Fighter)          Turns: 1636, Time: 00:03:51

Health: -1/29      AC: 16    Str: 20    XL:     4   Next: 71%
Magic:  4/4        EV: 11    Int:  8    God:
Gold:   86         SH:  9    Dex: 10    Spells: 0 memorised, 3 levels left

rFire  . . .     SeeInvis .     a - +0 flail
rCold  . . .     Gourm    .     h - +0 chain mail
rNeg   + . .     Faith    .     c - +0 shield
rPois  ∞         Spirit   .     k - +0 helmet (curse)
rElec  +         Reflect  .     (no cloak)
rCorr  .         Harm     .     i - +1 pair of gloves
MR     .....                    (no boots)
Stlth  ..........               (no amulet)
                                b - +6 ring of evasion
                                e - ring of stealth

@: no status effects
A: negative energy resistance 1, electricity resistance, unbreathing,
petrification resistance, rot immunity, AC +3
a: no special abilities


You were on level 3 of the Dungeon.
You were not hungry.

You visited 1 branch of the dungeon, and saw 3 of its levels.

You collected 86 gold pieces.

Inventory:

Hand Weapons
 a - a +0 flail (weapon)
Armour
 c - a +0 shield (worn)
 h - a +0 chain mail (worn)
 i - a +1 pair of gloves (worn)
 k - a cursed +0 helmet (worn)
Jewellery
 b - a +6 ring of evasion (right hand)
 e - a ring of stealth (left hand)
Potions
 d - a potion of might
Comestibles
 f - 3 bread rations
 g - 2 chunks of flesh
 j - 2 meat rations


   Skills:
 + Level 3.7 Fighting
 + Level 3.4 Maces & Flails
 + Level 4.0 Armour
 + Level 0.4 Dodging
 + Level 3.7 Shields


You had 3 spell levels left.
You didn't know any spells.

Dungeon Overview and Level Annotations

Branches:
Dungeon (3/15)

Altars:


Innate Abilities, Weirdness & Mutations

You are resistant to torment.
Your stone body is resilient. (AC +3)
You are immune to poison.
You resist negative energy. (rN+)
You are resistant to electric shocks. (rElec)
You can survive without breathing.
You are immune to petrification.
You are immune to rotting.


Message History

You block the orc wizard's attack. The orc barely misses you.
The kobold misses you.
The orc wizard hits you but does no damage.
The orc priest calls upon Beogh to heal the orc.
The orc is healed somewhat.
You hit the orc.
The orc is severely wounded.
The orc hits you but does no damage.
The orc priest calls down the wrath of Beogh upon you.
Beogh smites you!
* * * LOW HITPOINT WARNING * * *
The orc wizard mumbles some strange words.
The orc wizard seems to speed up.
You block the kobold's attack.
You barely miss the orc.
The orc is severely wounded.
You block the orc wizard's attack. The orc hits you but does no damage.
The kobold hits you but does no damage.
The orc wizard gestures at you while chanting.
The puff of frost hits you!
You die...

#. #. #.. #..
###...
......##########.
.###..K..........
.....oo@....#
.#....o###..###
#............#
###...###..#.# #
.....###..#.##.##
###..............#
#.#######..###.#
.. #..## #...#


You could see an orc priest, an orc wizard, an orc and a kobold.

Vanquished Creatures
  Terence (D:2)
  Ijyb (D:2)
  An adder (D:2)
  A dart slug (D:2)
  2 leopard geckos
  An orc (D:3)
  5 giant cockroaches
  4 goblins
  3 hobgoblins
  A quokka (D:2)
  4 bats
  2 frilled lizards (D:2)
  4 kobolds (D:2)
  5 rats
35 creatures vanquished.

Notes
Turn   | Place    | Note
-------+----------+-------------------------------------------
     0 | D:1      | JeffiDaFish the Gargoyle Fighter began the quest for the Orb.
     0 | D:1      | Reached XP level 1. HP: 14/14 MP: 1/1
   321 | D:1      | Reached XP level 2. HP: 19/19 MP: 2/2
   937 | D:2      | Reached XP level 3. HP: 23/23 MP: 3/3
  1017 | D:2      | Noticed Terence
  1018 | D:2      | Noticed Ijyb
  1042 | D:2      | Killed Terence
  1042 | D:2      | Reached XP level 4. HP: 19/29 MP: 4/4
  1058 | D:2      | Killed Ijyb
  1444 | D:2      | Reached skill level 4 in Armour
  1636 | D:3      | Killed from afar by an orc wizard

Skill      XL: |  1  2  3  4 |
---------------+-------------+-----
Maces & Flails | 3 |  3.4
Armour         | 4 |  4.0
Fighting       | |  3.7
Dodging        | |  0.4
Shields        | |  3.7

Action                   |  1- 3 |  4- 6 || total
-------------------------+-------+-------++-------
Melee: Flail             |    93 |    77 ||   170
  Use: Scroll            |     4 |       ||     4
       Potion            |     1 |     1 ||     2
  Eat: Chunk             |     1 |     2 ||     3
Armor: Scale mail        |    14 |       ||    14
       Chain mail        |    54 |    44 ||    98
Dodge: Dodged            |    56 |    58 ||   114
Block: Shield            |    61 |    52 ||   113
